 Dungeon Crawl Stone Soup version 0.29-a0-330-g52719c12eb (webtiles) character file.

Game seed: 15034406130106363121

1306 JNO the Ruffian (level 8, -2/78 HPs)
             Began as a Troll Fighter on Apr 17, 2022.
             Was an Initiate of Makhleb.
             Slain by a five-headed hydra (14 damage)
             ... on level 6 of the Dungeon.
             The game lasted 00:40:45 (4639 turns).

JNO the Ruffian (Troll Fighter)                     Turns: 4639, Time: 00:40:46

Health: -2/78      AC:  4    Str: 27    XL:     8   Next: 32%
Magic:  7/7        EV:  9    Int:  4    God:    Makhleb [......]
Gold:   260        SH:  8    Dex:  9    Spells: 7/7 levels left

rFire   . . .      SeeInvis +     - Unarmed
rCold   . . .      Faith    .   b - +0 kite shield
rNeg    . . .      Spirit   .   a - +0 robe
rPois   .          Reflect  .   (helmet restricted)
rElec   .          Harm     .   (no cloak)
rCorr   .          Rampage  .   (gloves unavailable)
Will    .....                   (boots unavailable)
Stlth   +.........              (no amulet)
HPRegen 1.03/turn               i - ring of see invisible
MPRegen 0.10/turn               r - +4 ring of slaying

@: no status effects
A: large, unfitting armour, claws 3, regeneration 1, shaggy fur 1, tough skin 1
a: Renounce Religion


You were on level 6 of the Dungeon.
You worshipped Makhleb.
Makhleb was noncommittal.
You visited 2 branches of the dungeon, and saw 7 of its levels.

You collected 260 gold pieces.

Inventory:

Hand Weapons
 g - a +0 hunting sling
 v - a +0 scythe
 B - a +2 vorpal flail
Missiles
 d - 175 stones (quivered)
 y - a boomerang
Armour
 a - a +0 robe (worn)
 b - a +0 kite shield (worn)
Jewellery
 i - a ring of see invisible (left claw)
 r - a +4 ring of slaying (right claw)
 C - the ring "Faklaott" {rElec rN+ AC+4 Str-3}
   (You found it on level 6 of the Dungeon)

   [ring of protection]

   AC:        It affects your AC (+4).
   Str:       It affects your strength (-3).
   rElec:     It insulates you from electricity.
   rN:        It protects you from negative energy.
Wands
 z - a wand of iceblast (8)
Scrolls
 k - 6 scrolls of identify {unknown}
 l - 2 scrolls of teleportation {unknown}
 m - 4 scrolls of fog {unknown}
 o - a scroll of amnesia {unknown}
 q - a scroll of silence {unknown}
 t - a scroll of immolation {unknown}
 u - a scroll of holy word {unknown}
 A - a scroll of noise {unknown}
 D - a scroll of fear {unknown}
Potions
 c - 2 potions of might
 e - a potion of brilliance {unknown}
 f - 4 potions of curing {unknown}
 h - 2 potions of resistance {unknown}
 j - a potion of flight {unknown}
 n - 3 potions of mutation {unknown}
 p - a potion of berserk rage {unknown}
 s - a potion of haste {unknown}
 w - 2 potions of heal wounds {unknown}
 x - a potion of cancellation {unknown}


   Skills:
 + Level 4.2 Fighting
 + Level 4.7 Dodging
 - Level 0.4 Stealth
 + Level 4.5 Shields
 + Level 6.3 Unarmed Combat


You had 7 spell levels left.
You didn't know any spells.
Your spell library contained the following spells:

 Spells                   Type           Power      Damage    Failure   Level
 Blink                    Tloc           0%         N/A       89%         2
 Call Canine Familiar     Summ           0%         N/A       98%         3
 Lesser Beckoning         Tloc           0%         N/A       98%         3
 Portal Projectile        Hex/Tloc       0%         N/A       98%         3
 Summon Guardian Golem    Hex/Summ       0%         N/A       98%         3
 Cause Fear               Hex            0%         N/A       100%        4
 Leda's Liquefaction      Hex/Erth       0%         N/A       100%        4
 Iskenderun's Battlesphe  Conj           0%         2d6       100%        5
 Manifold Assault         Tloc           0%         N/A       100%        5
 Yara's Violent Unravell  Hex/Tmut       0%         3d3       100%        5
 Iron Shot                Conj/Erth      0%         9d1       100%        6
 Spellforged Servitor     Conj/Summ      0%         N/A       100%        7


Dungeon Overview and Level Annotations

Branches:
Dungeon (6/15)             Temple (1/1) D:5

Altars:
Ashenzari
Cheibriados
Dithmenos
Elyvilon
Fedhas
Gozag
Hepliaklqana
Kikubaaqudgha
Makhleb
Nemelex Xobeh
Okawaru
Qazlal
Ru
Sif Muna
Trog
Uskayaw
Vehumet
Wu Jian
Xom
Yredelemnul
Zin
The Shining One


Innate Abilities, Weirdness & Mutations

You are too large for most types of armour.
You have claws for hands.
Your natural rate of healing is unusually fast.
You are covered in fur. (AC +1)
You have tough skin. (AC +1)


Message History

Found an escape hatch in the floor.
There is an open door here.
You open the door.
A four-headed hydra comes into view.
There is an open door here.
You close the door.
Found a falchion.
The four-headed hydra attacks as you move away!
The four-headed hydra bites you! The four-headed hydra bites you.
You block the four-headed hydra's attack.
The four-headed hydra bites you!
The four-headed hydra attacks as you move away!
The four-headed hydra bites you!
The four-headed hydra closely misses you.
The four-headed hydra bites you.
The four-headed hydra bites you but does no damage.
The four-headed hydra attacks as you move away!
The four-headed hydra barely misses you.
You block the four-headed hydra's attack.
The four-headed hydra closely misses you.
The four-headed hydra bites you!
There is an open door here.
There is an open door here.
The four-headed hydra attacks as you move away!
The four-headed hydra bites you. The four-headed hydra bites you!
The four-headed hydra bites you.
You block the four-headed hydra's attack.
There is an open door here.
You tear one of the four-headed hydra's heads off!
The three-headed hydra grows two more!
You claw the five-headed hydra!
The five-headed hydra is lightly wounded.
The five-headed hydra bites you. The five-headed hydra bites you!
The five-headed hydra bites you but does no damage.
The five-headed hydra closely misses you.
The five-headed hydra bites you!
* * * LOW HITPOINT WARNING * * *
The five-headed hydra attacks as you move away!
The five-headed hydra closely misses you. x2
The five-headed hydra bites you!
You die...

## .# .# ######## .#
#####......#### .#
######...@D.....'..#
.#######...##.#.#......##'###
.....##....+....#......#....#
.##..##....##.#.#....###....#
............#.#.#....#
#....####.
.##.....##..)...+....#
#>...+....
.##......#..#...#....#
#....#....
.##.###.##..#.)#######
#....#.D..
....###......)....###
#....#....


You could see a five-headed hydra.

Vanquished Creatures
  Sigmund (D:3)
  5 black bears
  A bullfrog (D:5)
  2 scorpions
  A howler monkey (D:6)
  An orc priest (D:5)
  3 hounds
  2 jellies
  Natasha (twice) (D:3)
  An orc wizard (D:5)
  7 adders
  A shadow imp (D:6)
  A white imp (D:4)
  3 ufetubi
  3 worms
  2 dart slugs
  22 orcs
  6 ball pythons
  3 bats
  4 endoplasms
  4 giant cockroaches
  4 goblins
  9 hobgoblins
  3 jackals
  7 quokkas
  2 frilled lizards (D:2)
  6 kobolds
  A rat (D:1)
107 creatures vanquished.

Notes
Turn   | Place    | Note
-------+----------+-------------------------------------------
     0 | D:1      | JNO the Troll Fighter began the quest for the Orb.
     0 | D:1      | Reached XP level 1. HP: 22/22 MP: 0/0
   128 | D:1      | Reached XP level 2. HP: 29/29 MP: 1/1
   719 | D:1      | Reached XP level 3. HP: 36/36 MP: 2/2
  1407 | D:2      | Reached skill level 3 in Unarmed Combat
  1407 | D:2      | Reached XP level 4. HP: 40/44 MP: 3/3
  1678 | D:2      | Found a faded altar of an unknown god.
  1969 | D:3      | Noticed Sigmund
  2060 | D:3      | Noticed a scorpion
  2063 | D:3      | Killed a scorpion
  2064 | D:3      | Reached XP level 5. HP: 50/50 MP: 4/4
  2242 | D:3      | Reached skill level 4 in Unarmed Combat
  2408 | D:3      | Noticed Natasha
  2420 | D:3      | Killed Natasha
  2505 | D:3      | Noticed Natasha
  2602 | D:3      | Found a hide-covered altar of Uskayaw.
  2646 | D:3      | Killed Sigmund
  2647 | D:3      | Reached skill level 5 in Unarmed Combat
  2647 | D:3      | Reached XP level 6. HP: 48/59 MP: 5/5
  2749 | D:3      | Killed Natasha
  3126 | D:4      | Reached XP level 7. HP: 65/67 MP: 6/6
  3266 | D:5      | Entered Level 5 of the Dungeon
  3326 | D:5      | Found a staircase to the Ecumenical Temple.
  3334 | Temple   | Entered the Ecumenical Temple
  3772 | Temple   | Became a worshipper of Makhleb the Destroyer
  4000 | D:5      | Reached skill level 6 in Unarmed Combat
  4000 | D:5      | Reached XP level 8. HP: 73/78 MP: 7/7
  4350 | D:6      | Got the Guide on Enchantment
  4432 | D:6      | Identified the ring "Faklaott" {rElec rN+ AC+4 Str-3}
  4617 | D:6      | Noticed a four-headed hydra
  4639 | D:6      | Slain by a five-headed hydra

Illustrated notes

Levels and vault maps discovered:
D:1:      dpeg_arrival_rooms_b, layout_basic, nrook_loot_triangle
D:2:      minmay_recursive_quarters, layout_basic,
          shapermc_ecumenical_altar_mp_vishouse
D:3:      layout_loops_ring, mainiacjoe_overflow_chevrons, uniq_sigmund,
          uniq_natasha
D:4:      layout_rooms
D:5:      nicolae_cairo_tiling, layout_cave_pools, grunt_ministairs_14
D:6:      layout_basic, minmay_misc_feat_more_columns, corexii_corridor_pit
Temple:   mainiacjoe_temple_circle_huts

Skill      XL: |  1  2  3  4  5  6  7  8 |
---------------+-------------------------+-----
Dodging        | 3 4 |  4.7
Unarmed Combat | 3 5 6 |  6.3
Shields        | 3 4 |  4.5
Fighting       | 3 4 |  4.2
Stealth        | |  0.4

Action                   |  1- 3 |  4- 6 |  7- 9 || total
-------------------------+-------+-------+-------++-------
Melee: Unarmed           |    91 |   105 |    96 ||   292
 Stab: Sleeping          |       |     1 |       ||     1
Armor: Robe              |    25 |    19 |    22 ||    66
Dodge: Dodged            |    28 |    19 |    40 ||    87
Block: Kite shield       |    25 |    26 |    38 ||    89

Table legend: (Time is in decaauts)
 A = Elapsed time spent in this place.
 B = Non-inter-level travel time spent in this place.
 C = Inter-level travel time spent in this place.
 D = Time resting spent in this place.
 E = Time spent auto-exploring this place.
 F = Levels seen in this place.
 G = Mean time per level.
                   A        B        C        D        E       F      G
               +--------+--------+--------+--------+--------+-----+--------+
         Total |   4653 |   1452 |   3201 |      0 |      0 |   7 |  664.7 |
       Dungeon |   4202 |   1248 |   2954 |      0 |      0 |   6 |  700.3 |
        Temple |    451 |    204 |    247 |      0 |      0 |   1 |  451.0 |
               +--------+--------+--------+--------+--------+-----+--------+

Top non-repeatable levels by time:
     D:2: 1056 daAuts
     D:1: 939 daAuts
     D:3: 777 daAuts
     D:5: 576 daAuts
     D:4: 531 daAuts
  Temple: 451 daAuts
     D:6: 321 daAuts
